AoeStats
← AoEE.Tsumi

Nomad

510310378Analyzed
2v2 RM · 7h ago on Sep 30, 2026· 45m 33s· 4 players
Game mode
Random Map
Map size
176×176
Population
200
Speed
Normal
Resources
Standard
Victory
Conquest
Starting age
Dark Age
Ending age
Imperial Age
RankedLock teamsTeams togetherTeam positionsShared explorationLock speedFull tech treeHidden civsTurbo modeCheats
Victory
Defeat
🇪🇪 Chinese · Estonia
1170
+15
🇪🇪 Persians · Estonia
1163
+16
🇸🇪 Varangians · Sweden
1184
-17
🇮🇹 Shu · Italy
1129
-14
po_v1ft!
10:01 Loom
16:56 Feudal Age
17:51 Double-Bit Axe
23:31 Man-at-Arms
24:22 Fletching
24:34 Scale Mail Armor
24:47 Forging
33:27 Scale Mail Armor
37:53 Castle Age
36:25 Padded Archer Armor
37:43 Wheelbarrow
37:56 Crossbowman
37:57 Elite Skirmisher
37:58 Pikeman
38:39 Squires
38:43 Bodkin Arrow
41:35 Town Watch
42:27 Ballistics
43:24 Leather Archer Armor
Hawk of Avalon
5:38 Loom
14:41 Feudal Age
16:05 Double-Bit Axe
23:21 Castle Age
22:18 Gold Mining
22:47 Fletching
22:59 Padded Archer Armor
24:43 Crossbowman
25:30 Thumb Ring
28:36 Fishing Lines
32:38 Horse Collar
33:19 Bodkin Arrow
34:13 Ballistics
33:50 Murder Holes
33:35 Treadmill Crane
37:13 Masonry
37:20 Leather Archer Armor
43:14 Bow Saw
AoEE.Karhanin
3:11 Loom
15:21 Feudal Age
20:03 Castle Age
21:34 Medium Warships
23:45 Wheelbarrow
22:54 Fishing Lines
24:19 Double-Bit Axe
26:31 Husbandry
28:46 Forging
28:29 Fletching
28:56 Gillnets
34:24 Imperial Age
32:31 Bow Saw
32:46 Bodkin Arrow
33:29 Ballistics
33:15 Crossbowman
34:48 Padded Archer Armor
35:24 Thumb Ring
34:49 Arbalester
35:30 Bracer
36:32 Chemistry
37:03 Ballistics
40:26 Leather Archer Armor
AoEE.Tsumi
16:18 Feudal Age
16:42 Loom
27:40 Castle Age
31:38 Double-Bit Axe
32:10 Scale Barding Armor
37:45 Wheelbarrow
43:17 Husbandry
43:28 Bloodlines
44:24 Bow Saw
45:56 Hand Cart
46:23 Forging
Connection lost

Rejoining the realm…

Still unreachable

The connection could not be restored.

Session expired

The server has moved on; the page needs a fresh start.